 Dungeon Crawl Stone Soup version 0.26-a0-708-g17f3b190f9 (webtiles) character file.

Game seed: 16682107974935440919

46 marklar909 the Chopper (level 3, -5/33 HPs)
             Began as a Hill Orc Monk on Oct 30, 2020.
             Slain by an orc warrior
             ... wielding a +0 battleaxe
              (23 damage)
             ... on level 3 of the Dungeon.
             The game lasted 00:02:20 (2181 turns).

marklar909 the Chopper (Hill Orc Monk)              Turns: 2181, Time: 00:02:21

Health: -5/33      AC:  6    Str: 14    XL:     3   Next: 68%
Magic:  3/3        EV: 11    Int: 10    God:
Gold:   92         SH:  0    Dex: 13    Spells: 2/2 levels left

rFire    . . .     SeeInvis .   a - +0 hand axe
rCold    . . .     Faith    .   (no shield)
rNeg     . . .     Spirit   .   d - +1 ring mail
rPois    .         Reflect  .   (no helmet)
rElec    .         Harm     .   (no cloak)
rCorr    .         Rampage  .   (no gloves)
MR       .....                  (no boots)
Stlth    +.........             (no amulet)
HPRegen  0.11/turn              (no ring)
MPRegen  0.08/turn              (no ring)

@: hasted, lightly drained, very quick
A: no striking features
a: Convert to Beogh


You were on level 3 of the Dungeon.
You visited 1 branch of the dungeon, and saw 3 of its levels.

You collected 92 gold pieces.

Inventory:

Hand Weapons
 a - a +0 hand axe (weapon)
Armour
 d - a +1 ring mail (worn)
 e - a +0 chain mail
Jewellery
 g - an uncursed ring of poison resistance {unknown}
Scrolls
 c - a scroll of remove curse
Potions
 f - 2 potions of flight {unknown}
 h - a potion of brilliance {unknown}
 j - a potion of berserk rage {unknown}


   Skills:
 + Level 4.1(3.9) Fighting
 + Level 4.8(4.5) Axes
 + Level 0.9(0.7) Armour
 + Level 2.8(2.6) Dodging
 + Level 1.6(1.4) Stealth


You had 2 spell levels left.
You didn't know any spells.
Your spell library was empty.

Dungeon Overview and Level Annotations

Branches:
Dungeon (3/15)

Altars:


Message History

You hit the orc warrior but do no damage.
You barely miss the orc warrior.
The orc warrior hits you with a +0 battleaxe!
The orc shouts!
You hit the orc warrior but do no damage.
You hit the orc warrior but do no damage.
The orc warrior hits you with a +0 battleaxe.
You hit the orc warrior but do no damage.
The orc warrior barely misses you.
You barely miss the orc warrior.
You hit the orc warrior but do no damage.
The orc warrior hits you but does no damage.
You hit the orc warrior but do no damage.
The orc priest shouts, "Join the one true god or die!" (press Y on the ability menu to convert to Beogh)
You hit the orc warrior.
The orc warrior is lightly wounded.
The orc warrior hits you with a +0 battleaxe!!
Ouch! That really hurt!
You die...

#......†# #.#
#.......###o########
#.<...).............
#........o..........
#.......###<########
#####.### #o# #. #o#
.. #o#
...#####@#######
.................
..#####.####### #.#
#<# #.# #.# #.# #.#


You could see an orc warrior, an orc priest, an orc wizard and an orc.

Vanquished Creatures
  An adder (D:2)
  A worm (D:3)
  2 dart slugs (D:2)
  A leopard gecko (D:3)
  A ball python (D:1)
  3 giant cockroaches
  2 goblins (D:1)
  3 hobgoblins (D:1)
  4 bats
  A frilled lizard (D:1)
  8 kobolds
  4 rats
31 creatures vanquished.

Notes
Turn   | Place    | Note
-------+----------+-------------------------------------------
     0 | D:1      | marklar909 the Hill Orc Monk began the quest for the Orb.
     0 | D:1      | Reached XP level 1. HP: 19/19 MP: 1/1
   209 | D:1      | Reached XP level 2. HP: 25/27 MP: 2/2
  1034 | D:2      | Noticed an ice beast
  1371 | D:3      | Reached XP level 3. HP: 28/33 MP: 3/3
  1504 | D:3      | Noticed an orc warrior
  2181 | D:3      | Slain by an orc warrior

Illustrated notes

Levels and vault maps discovered:
D:1:      heliophobic_arrival_ceremonial_halls, layout_basic,
          roderic_roman_lattice
D:2:      layout_basic
D:3:      minmay_general_purpose_star, layout_rooms, grunt_decor_arrowhead

Skill      XL: |  1  2 |
---------------+-------+-----
Fighting       | 4 |  4.1
Axes           | |  4.8
Armour         | |  0.9
Dodging        | |  2.8
Stealth        | |  1.6

Action                   || total
-------------------------++-------
Melee: Hand axe          ||   131
  Use: Scroll            ||     4
       Potion            ||     1
Armor: Robe              ||    11
       Ring mail         ||    33
Dodge: Dodged            ||    76

Table legend: (Time is in decaauts)
 A = Elapsed time spent in this place.
 B = Non-inter-level travel time spent in this place.
 C = Inter-level travel time spent in this place.
 D = Time resting spent in this place.
 E = Time spent auto-exploring this place.
 F = Levels seen in this place.
 G = Mean time per level.
                   A        B        C        D        E       F      G
               +--------+--------+--------+--------+--------+-----+--------+
         Total |   2192 |   2073 |    119 |    328 |   1361 |   3 |  730.7 |
       Dungeon |   2192 |   2073 |    119 |    328 |   1361 |   3 |  730.7 |
               +--------+--------+--------+--------+--------+-----+--------+

Top non-repeatable levels by time:
     D:1: 1246 daAuts
     D:2: 783 daAuts
     D:3: 162 daAuts
